AoeStats
← FishCrates

Arabia

509200346Analyzed
2v2 RM · 7d ago on Sep 25, 2026· 48m 15s· 4 players
Game mode
Random Map
Map size
Medium (4 player)
Population
200
Speed
Normal
Resources
Standard
Victory
Conquest
Starting age
Dark Age
Ending age
Imperial Age
RankedLock teamsTeams togetherTeam positionsShared explorationLock speedFull tech treeHidden civsTurbo modeCheats
Victory
Defeat
🇺🇸 Magyars · United States
1540
+12
🇺🇸 Maya · United States
1498
+14
🇦🇷 Varangians · Argentina
1462
-13
🇦🇷 Saxons · Argentina
1452
-13
TheNewAres
5:06 Loom
9:16 Feudal Age
12:59 Town Watch
13:34 Fletching
17:29 Wheelbarrow
17:48 Horse Collar
22:17 Castle Age
20:36 Gold Mining
21:04 Double-Bit Axe
22:18 Crossbowman
23:11 Bodkin Arrow
24:59 Ballistics
24:48 Padded Archer Armor
28:22 Thumb Ring
30:43 Bow Saw
38:22 Imperial Age
38:32 Arbalester
39:13 Bracer
40:34 Conscription
43:02 Chemistry
PNAL | sacha_zak
5:33 Loom
8:50 Feudal Age
9:40 Double-Bit Axe
10:39 Horse Collar
16:32 Wheelbarrow
16:35 Bloodlines
22:21 Castle Age
20:50 Gold Mining
21:06 Scale Barding Armor
21:39 Forging
22:22 Light Cavalry
23:31 Husbandry
24:44 Bow Saw
24:34 Heavy Plow
28:25 Chain Barding Armor
36:09 Hand Cart
41:37 Imperial Age
39:48 Town Watch
40:08 Vendel Legacy
42:51 Iron Casting
42:56 Plate Barding Armor
42:09 Cavalier
44:32 Iron Casting
washed_king
0:26 Loom
8:30 Feudal Age
16:09 Double-Bit Axe
16:52 Fletching
22:40 Castle Age
20:51 Horse Collar
21:12 Gold Mining
22:43 Crossbowman
23:22 Bodkin Arrow
24:40 Bow Saw
25:12 Ballistics
24:57 Padded Archer Armor
29:43 Leather Archer Armor
35:32 Imperial Age
34:36 Wheelbarrow
36:15 Bracer
37:17 Chemistry
37:28 Thumb Ring
38:18 Arbalester
38:52 Town Watch
40:25 Hand Cart
41:01 Stone Mining
41:51 Masonry
FishCrates
6:13 Loom
6:21 Loom
8:28 Feudal Age
9:21 Double-Bit Axe
15:01 Horse Collar
17:40 Wheelbarrow
21:09 Castle Age
20:17 Bloodlines
20:13 Scale Barding Armor
20:37 Gold Mining
21:51 Husbandry
24:24 Bow Saw
24:54 Town Watch
26:16 Fletching
33:05 Chain Barding Armor
39:12 Gold Shaft Mining
39:01 Hand Cart
44:33 Imperial Age
42:22 Heavy Plow
42:32 Stone Mining
45:15 Scale Mail Armor
45:51 Plate Barding Armor
44:38 Cavalier
47:27 Paladin
49:00 Conscription
Connection lost

Rejoining the realm…

Still unreachable

The connection could not be restored.

Session expired

The server has moved on; the page needs a fresh start.